 Dungeon Crawl Stone Soup version 0.23.0 (webtiles) character file.

Game seed: 15095657375796543897

148963 tatocazan the Demonic Disaster (level 16, -4/130 HPs)
             Began as a Demonspawn Gladiator on Feb 16, 2019.
             Was a Believer of Qazlal.
             Slain by a hornet (13 damage)
             ... created by a shambling mangrove
             ... on level 4 of the Swamp.
             The game lasted 01:41:09 (47417 turns).

tatocazan the Demonic Disaster (DsGl)              Turns: 47417, Time: 01:41:09

Health: -4/130     AC: 15    Str: 18    XL:     16   Next: 65%
Magic:  26/26      EV: 41    Int: 15    God:    Qazlal [**....]
Gold:   2547       SH: 23    Dex: 26    Spells: 15/15 levels left

rFire    + + .     SeeInvis .   P - +3 demon trident "Hyohouz" {elec, rElec}
rCold    . . .     Gourm    .   B - +2 large shield {reflect}
rNeg     . . .     Faith    .   l - +3 leather armour of Depression {rPois rF+ Str+2}
rPois    +         Spirit   .   c - +0 helmet
rElec    +         Reflect  +   b - +0 cloak
rCorr    .         Harm     .   (no gloves)
MR       ++...                  t - +0 pair of boots
Stlth    ++........             O - amulet of the acrobat
HPRegen  0.31/turn              H - ring of protection from magic
MPRegen  0.20/turn              N - ring of Lucidity {Int+2 Dex+4}

@: agile, acrobat
A: talons 2, thin metallic scales 2, fire resistance 1, powered by pain 3
}: 1/15 runes: decaying
a: Upheaval, Renounce Religion


You were on level 4 of the Swamp.
You worshipped Qazlal.
Qazlal was pleased with you.
You were not hungry.

You visited 4 branches of the dungeon, and saw 27 of its levels.
You also visited: Bailey and Gauntlet.

You collected 2807 gold pieces.
You spent 260 gold pieces at shops.

Inventory:

Hand Weapons
 d - a +2 trident of venom
 P - the +3 demon trident "Hyohouz" (weapon) {elec, rElec}
   (You found it on level 6 of the Lair of Beasts)

   Occasionally, upon striking a foe, it will discharge some electrical energy
   and cause terrible harm.
   It insulates you from electricity.
Missiles
 L - 4 throwing nets (quivered)
 V - 7 silver javelins
Armour
 b - a +0 cloak (worn)
 c - a +0 helmet (worn)
 l - the +3 leather armour of Depression (worn) {rPois rF+ Str+2}
   (You found it on level 4 of the Lair of Beasts)

   It affects your strength (+2).
   It protects you from fire.
   It protects you from poison.
 t - a +0 pair of boots (worn)
 B - a +2 large shield of reflection (worn)
 C - the +3 leather armour of the Orb {rElec Str+4 Dex+4}
   (You found it in a Gauntlet)

   It affects your strength (+4).
   It affects your dexterity (+4).
   It insulates you from electricity.
Jewellery
 y - an uncursed ring of protection from cold
 A - an uncursed ring of resist corrosion
 H - a ring of protection from magic (left hand)
 N - the ring of Lucidity (right hand) {Int+2 Dex+4}
   (You found it in a Gauntlet)

   [ring of dexterity]

   It affects your intelligence (+2).
   It affects your dexterity (+4).
 O - an amulet of the acrobat (around neck)
Wands
 a - a wand of acid (4)
 q - a wand of clouds (7)
 x - a wand of enslavement (6)
 Q - a wand of digging (7)
 X - a wand of flame (17)
 Y - a wand of paralysis (7)
 Z - a wand of iceblast (7)
Scrolls
 e - 3 scrolls of amnesia
 n - 3 scrolls of noise
 r - 2 scrolls of teleportation
 s - 5 scrolls of enchant armour
 v - 5 scrolls of fog
 w - 2 scrolls of identify
 z - a scroll of magic mapping
 D - 11 scrolls of remove curse
 I - 5 scrolls of enchant weapon
Potions
 h - 7 potions of curing
 i - 3 potions of haste
 k - 2 potions of magic
 m - 2 potions of berserk rage
 p - a potion of brilliance
 u - 4 potions of lignification
 E - 4 potions of agility
 F - 4 potions of might
 G - 2 potions of invisibility
 M - 3 potions of mutation
 R - 2 potions of flight
 U - 4 potions of resistance
 W - 2 potions of cancellation
Miscellaneous
 T - a lamp of fire (inert)
Comestibles
 f - 33 rations
 j - 5 chunks of flesh


   Skills:
 * Level 13.0 Fighting
 - Level 14.0 Polearms
 - Level 3.0 Throwing
 + Level 11.3 Armour
 + Level 11.6 Dodging
 + Level 10.3 Shields
 + Level 14.1 Invocations


You had 15 spell levels left.
You didn't know any spells.
Your spell library contained the following spells:

 Spells                   Type           Power        Failure   Level  Hunger
 Apportation              Tloc           #.....       91%         1    ##.....
 Corona                   Hex            #......      91%         1    ##.....
 Freeze                   Ice            #...         91%         1    ##.....
 Magic Dart               Conj           #...         91%         1    ##.....
 Summon Butterflies       Summ           #.......     91%         1    ##.....
 Blink                    Tloc           N/A          97%         2    ###....
 Call Imp                 Summ           #.......     97%         2    ###....
 Ensorcelled Hibernation  Hex/Ice        #.....       97%         2    ###....
 Slow                     Hex            #.......     97%         2    ###....
 Sublimation of Blood     Necr           #.........   97%         2    ###....
 Throw Frost              Conj/Ice       #.....       97%         2    ###....
 Confuse                  Hex            #.......     99%         3    ####...
 Conjure Flame            Conj/Fire      #.......     99%         3    ####...
 Dazzling Spray           Conj/Hex       #.....       99%         3    ####...
 Ignite Poison            Fire/Tmut/Pois #.......     99%         3    ####...
 Lesser Beckoning         Tloc           #.........   99%         3    ####...
 Mephitic Cloud           Conj/Pois/Air  #.......     99%         3    ####...
 Ozocubu's Armour         Chrm/Ice       #.......     99%         3    ####...
 Static Discharge         Conj/Air       #.......     99%         3    ####...
 Tukima's Dance           Hex            #.......     99%         3    ####...
 Petrify                  Tmut/Erth      #.......     100%        4    #####..
 Summon Ice Beast         Ice/Summ       #.......     100%        4    #####..
 Summon Lightning Spire   Summ/Air       #.......     100%        4    #####..
 Throw Icicle             Conj/Ice       #.......     100%        4    #####..
 Alistair's Intoxication  Tmut/Pois      #.......     100%        5    ######.
 Irradiate                Conj/Tmut      #.........   100%        5    ######.
 Lightning Bolt           Conj/Air       #.........   100%        5    ######.
 Silence                  Hex/Air        #.........   100%        5    ######.
 Conjure Ball Lightning   Conj/Air       #.........   100%        6    #######
 Deflect Missiles         Chrm/Air       #.........   100%        6    #######
 Invisibility             Hex            #.......     100%        6    #######
 Ignition                 Fire           #.........   100%        8    #######
 Shatter                  Erth           #.........   100%        9    #######
 Tornado                  Air            #.........   100%        9    #######


Dungeon Overview and Level Annotations

Branches:
Dungeon (15/15)            Temple (0/1) D:7            Lair (6/6) D:11
  Swamp (4/4) Lair:4        Snake (0/4) Lair:4        Slime (0/5) Lair:6
    Orc (2/2) D:10            Elf (0/3) Orc:2        Vaults (0/5) D:14
 Depths (0/5) D:15

Altars:
Ashenzari
Dithmenos
Fedhas
Hepliaklqana
Qazlal
Sif Muna
Xom
Yredelemnul
Beogh
Jiyva

Shops:
D:5 !   Orc:2 (?}:

Annotations:
D:6 1 runed translucent door, slphil's ghost, novice BaIE
D:8 Gastronok
Lair:3 exclusion: downstairs
Lair:6 3 runed translucent doors, Jipob's ghost, adept MiBe


Innate Abilities, Weirdness & Mutations

You have razor-sharp toenails.
You are mostly covered in thin metallic scales. (AC +3)
Your flesh is heat resistant. (rF+)
You are powered by pain.


Message History

The vampire mosquito bites your spriggan druid! x2
The vampire mosquito barely misses your spriggan druid. x2
Your alligator bites the five-headed hydra!!
Your alligator tail-slaps the five-headed hydra.
The vampire mosquito barely misses your spriggan druid.
Your spriggan druid gestures wildly while chanting.
The forest starts to sway and rumble!
You block the hornet's attack.
You block the five-headed hydra's attack.
The five-headed hydra misses you.
The five-headed hydra bites you but does no damage.
You block the five-headed hydra's attack.
The five-headed hydra closely misses you.
Your alligator bites the five-headed hydra!
Your alligator tail-slaps the five-headed hydra!
A tree reaches out and hits the vampire mosquito!
A tree reaches out and hits the five-headed hydra!
A root smacks the hornet from below!!
The vampire mosquito bites your alligator!
The hornet stings you!
You die...

≈≈≈§≈≈≈§.§ ♣≈....≈.☼.☼≈≈
≈≈§≈≈≈.♣♣♣ ♣♣≈.≈.≈.♣....
≈≈≈≈≈§♣.. ...≈≈♣♣#≈...##
.♣≈.♣♣♣.. ♣...♣♣#####.##♣
♣≈≈.)♣♣ ♣♣♣≈.♣♣###.≈§...#
♣≈...†♣♣ ♣♣..
♣♣≈.♣##♣..........
♣≈.≈≈.≈♣♣♣≈≈≈
♣≈..♣#...y..≈..y..
♣♣.≈§.♣≈≈≈.≈≈
♣..≈..†....≈§≈§≈..
♣♣♣♣♣♣......
♣@♣≈.##..≈≈≈§≈≈.§. ♣≈≈≈.≈≈
♣♣≈y≈.♣##≈..≈≈≈≈.≈≈
♣≈.≈≈≈.♣♣D§.♣≈≈####fy.≈.$#
♣...♣yt.♣♣♣.≈#♣#########
♣♣♣.≈≈yi≈≈.♣♣♣≈.#♣♣ ######
w≈...♣♣♣≈...≈.≈≈≈.♣
♣♣≈≈≈♣♣#§♣♣§.
..§≈≈.≈≈≈≈.$..≈≈≈.♣
♣♣♣§.♣≈≈§≈≈.
..≈≈≈.≈≈≈.§♣♣.≈≈.≈♣
♣♣..≈≈....§≈
♣..≈≈≈≈≈≈≈≈..≈≈≈..♣
♣...≈...≈≈..


You could see a five-headed hydra, a hornet, 2 vampire mosquitoes, a friendly
alligator and a friendly spriggan druid.

Vanquished Creatures
  Saint Roka (Orc:2)
  A ghoul (D:14)
  An ironheart preserver (D:14)
  A minotaur (Gauntlet)
  Snorg (Orc:1)
  2 ogre magi
  An ice dragon (Lair:6)
  Harold (Lair:1)
  16 hydras
  3 shambling mangroves (Swamp:3)
  Erica (D:8)
  2 ghost crabs (Swamp:3)
  2 centaur warriors
  3 alligators (Swamp:1)
  10 two-headed ogres
  4 orc high priests (Orc:2)
  Nergalle (Lair:1)
  Sonja (D:10)
  4 skeletal warriors
  An unseen horror (D:14)
  2 spriggan druids
  9 swamp dragons
  2 wizards
  5 orc knights
  An obsidian statue (Gauntlet)
  4 lindwurms
  5 orc sorcerers
  A cyclops (D:14)
  7 ugly things
  A deep elf mage (D:15)
  8 elephants
  2 black mambas (Lair:5)
  A naga mage (D:15)
  2 gargoyles
  12 spiny frogs
  An efreet (D:9)
  13 komodo dragons
  5 torpor snails (Lair:6)
  2 kobold demonologists
  2 rime drakes
  A guardian mummy (D:14)
  10 trolls
  A queen bee (D:8)
  20 slime creatures
  12 tyrant leeches
  3 bog bodies
  12 hornets
  13 polar bears
  A raiju (Lair:6)
  8 dream sheep
  13 hippogriffs
  A spriggan (Swamp:4)
  2 vampires
  Sigmund (D:6)
  40 yaks
  2 wyverns (D:8)
  Eustachio (D:6)
  4 shadows
  A basilisk (Lair:6)
  2 hungry ghosts
  12 swamp worms
  20 vampire mosquitoes
  18 insubstantial wisps
  2 nagas (Lair:4)
  9 wargs
  2 acid dragons
  14 hell hounds (Lair:6)
  8 swamp drakes
  6 porcupines
  12 water moccasins
  56 orc warriors
  5 sky beasts
  2 ice beasts
  2 eyes of draining
  10 black bears
  A phantom (D:9)
  18 wolves
  14 ogres
  7 centaurs
  17 crocodiles
  18 bullfrogs
  5 gnoll sergeants
  7 big kobolds
  A wyvern skeleton (D:9)
  4 scorpions
  23 killer bees
  9 wights
  A howler monkey (D:10)
  An electric eel (D:6)
  A bullfrog zombie (D:7)
  5 centaur zombies
  8 crimson imps
  2 quasits
  14 hounds
  28 orc priests
  2 bullfrog skeletons
  A gnoll shaman (D:5)
  6 jellies
  33 orc wizards
  10 centaur skeletons
  Jessica (D:9)
  5 iguanas
  11 worker ants
  A hound skeleton (D:4)
  2 mummies (D:14)
  A worker ant zombie (D:3)
  25 gnolls
  22 adders
  8 shadow imps
  A white imp (Gauntlet)
  2 oozes (D:1)
  An adder skeleton (D:6)
  A worm (D:2)
  8 dart slugs
  2 leopard geckos
  145 orcs
  A ball python (D:4)
  2 giant cockroaches
  3 goblins
  4 hobgoblins
  19 jackals
  41 kobolds
  4 quokkas
  A ball python zombie (D:5)
  12 bats
  6 frilled lizards
  A leopard gecko skeleton (D:4)
  9 rats
  4 plants (Lair:6)
1047 creatures vanquished.

Vanquished Creatures (collateral kills)
  2 hydras (Lair:4)
  A catoblepas (Lair:6)
  An alligator (Swamp:3)
  A swamp dragon (Lair:4)
  An ugly thing (D:14)
  A centaur zombie (D:14)
  2 slime creatures (Lair:4)
  A vampire mosquito (Lair:4)
  A black bear (Lair:6)
11 creatures vanquished.

Vanquished Creatures (others)
  2 centaur warriors
  A spriggan druid (Swamp:4)
  A lindwurm (Swamp:4)
  A cyclops (Orc:2)
  A hornet (Swamp:3)
  2 tyrant leeches
  A swamp worm (Swamp:3)
  An orc warrior (Orc:2)
  A black bear (Lair:6)
  An orc (D:13)
  3 fungi
  25 plants
40 creatures vanquished.

Grand Total: 1098 creatures vanquished

Notes
Turn   | Place    | Note
-------+----------+-------------------------------------------
     0 | D:1      | tatocazan the Demonspawn Gladiator began the quest for the
                  | Orb.
     0 | D:1      | Reached XP level 1. HP: 16/16 MP: 1/1
   174 | D:1      | Gained mutation: You are partially covered in thin metallic
                  | scales. (AC +2) [demonic ancestry]
   174 | D:1      | Reached XP level 2. HP: 22/22 MP: 2/2
   510 | D:1      | Gained mutation: You are mostly covered in thin metallic
                  | scales. (AC +3) [demonic ancestry]
   510 | D:1      | Reached XP level 3. HP: 25/27 MP: 3/3
  1190 | D:2      | Noticed a bullfrog
  1196 | D:2      | Killed a bullfrog
  1196 | D:2      | Reached skill level 1 in Armour
  1196 | D:2      | Reached XP level 4. HP: 30/34 MP: 4/4
  1963 | D:2      | Reached XP level 5. HP: 27/39 MP: 5/5
  3522 | D:4      | Gained mutation: You have sharp toenails. [demonic
                  | ancestry]
  3522 | D:4      | Reached XP level 6. HP: 37/47 MP: 6/6
  4927 | D:5      | Entered Level 5 of the Dungeon
  4997 | D:5      | Found Redoist's Distillery.
  5005 | D:5      | Found a blossoming altar of Fedhas.
  5327 | D:5      | Noticed a water moccasin
  5343 | D:5      | Killed a water moccasin
  5343 | D:5      | Reached skill level 5 in Polearms
  5343 | D:5      | Gained mutation: You have razor-sharp toenails. [demonic
                  | ancestry]
  5343 | D:5      | Reached XP level 7. HP: 38/52 MP: 7/7
  5552 | D:5      | Bought a potion of curing for 36 gold pieces
  7259 | D:6      | Gained mutation: You sometimes gain a little power by
                  | taking damage. [demonic ancestry]
  7259 | D:6      | Reached XP level 8. HP: 17/60 MP: 8/8
  7614 | D:6      | Found a runed translucent door.
  7614 | D:6      | Found a shimmering altar of Xom.
  7614 | D:6      | Noticed slphil's ghost (novice BaIE)
  7615 | D:6      | Identified the +5 rapier of Uskayaw {flame, *Drain MP+9
                  | Int+8 Stlth+}
  8183 | D:6      | Noticed a +1 trident of chaos
  8217 | D:6      | Found a deep blue altar of Sif Muna.
  8217 | D:6      | Found a stormy altar of Qazlal.
  8217 | D:6      | Found a hazy altar of Hepliaklqana.
  8222 | D:6      | Found a shadowy altar of Dithmenos.
  8225 | D:6      | Became a worshipper of Qazlal Stormbringer
  8270 | D:6      | Reached skill level 5 in Dodging
  8446 | D:6      | Noticed Sigmund
  8500 | D:6      | Reached skill level 5 in Fighting
  9127 | D:6      | HP: 2/62 [wolf (2)]
  9149 | D:5      | Reached skill level 1 in Invocations
  9456 | D:6      | Gained mutation: You sometimes gain power by taking damage.
                  | [demonic ancestry]
  9456 | D:6      | Reached XP level 9. HP: 68/68 MP: 9/9
 10397 | D:6      | Noticed Eustachio
 10412 | D:6      | Killed Eustachio
 10412 | D:6      | Reached skill level 1 in Shields
 10529 | D:6      | Killed Sigmund
 10621 | D:6      | Reached * piety under Qazlal
 11066 | D:7      | Found a staircase to the Ecumenical Temple.
 11116 | D:7      | Reached skill level 5 in Armour
 11957 | D:8      | Reached ** piety under Qazlal
 12887 | D:8      | Noticed Erica
 13276 | D:8      | Killed Erica
 13276 | D:8      | Gained mutation: Your flesh is heat resistant. (rF+)
                  | [demonic ancestry]
 13276 | D:8      | Reached XP level 10. HP: 35/77 MP: 13/13
 13705 | D:8      | Reached skill level 5 in Invocations
 14025 | D:8      | Noticed Gastronok
 14202 | D:8      | Found a basalt altar of Yredelemnul.
 14334 | D:9      | Found a flagged portal.
 14340 | Bailey   | Entered a bailey
 14527 | Bailey   | Noticed an orc knight
 14586 | Bailey   | Noticed an orc knight
 14617 | Bailey   | Killed an orc knight
 14660 | Bailey   | Killed an orc knight
 15802 | D:9      | Reached XP level 11. HP: 81/84 MP: 15/15
 16683 | D:9      | Noticed Jessica
 16686 | D:9      | Killed Jessica
 16714 | D:9      | Found a deep blue altar of Sif Muna.
 16785 | D:10     | Entered Level 10 of the Dungeon
 16970 | D:10     | Noticed a two-headed ogre
 17128 | D:10     | Noticed Sonja
 17670 | D:9      | Reached *** piety under Qazlal
 17863 | D:10     | Killed Sonja
 17863 | D:10     | Reached skill level 10 in Polearms
 18331 | D:10     | Killed a two-headed ogre
 18673 | D:10     | Found a staircase to the Orcish Mines.
 18976 | D:11     | Reached skill level 5 in Shields
 19459 | D:11     | Found a staircase to the Lair.
 19906 | D:11     | Gained mutation: You are powered by pain. [demonic
                  | ancestry]
 19906 | D:11     | Reached XP level 12. HP: 92/92 MP: 17/17
 20299 | Lair:1   | Entered Level 1 of the Lair of Beasts
 20479 | Lair:1   | Reached **** piety under Qazlal
 20972 | Lair:1   | Noticed Nergalle
 20992 | Lair:1   | Killed Nergalle
 21088 | Lair:1   | Noticed Harold
 21102 | Lair:1   | Killed Harold
 22128 | Lair:2   | Noticed an eight-headed hydra
 22441 | Lair:2   | Killed an eight-headed hydra
 23342 | Lair:3   | Noticed a four-headed hydra
 23346 | Lair:3   | Killed a four-headed hydra
 23400 | Lair:3   | Reached XP level 13. HP: 101/101 MP: 20/20
 24434 | Lair:4   | Found a staircase to the Swamp.
 25624 | Lair:4   | Found a shattered altar of Ashenzari.
 25711 | Lair:4   | Found a staircase to the Snake Pit.
 26227 | Lair:5   | Found a gate leading to a gauntlet.
 26236 | Gauntlet | Entered a Gauntlet
 26236 | Gauntlet | Found a transporter.
 26236 | Gauntlet | Found a transporter.
 26245 | Gauntlet | Found a transporter.
 26245 | Gauntlet | Found a transporter.
 26246 | Gauntlet | Found a transporter.
 26249 | Gauntlet | Found a transporter.
 26256 | Gauntlet | Found a transporter.
 26257 | Gauntlet | Found a transporter.
 26259 | Gauntlet | Found a transporter.
 26259 | Gauntlet | Found a transporter.
 26263 | Gauntlet | Found a runed translucent door.
 26265 | Gauntlet | Found a runed translucent door.
 26267 | Gauntlet | Found a transporter.
 26268 | Gauntlet | Found a transporter.
 26323 | Gauntlet | Paralysed by a wizard for 7 turns
 26334 | Gauntlet | Reached skill level 10 in Invocations
 26749 | Gauntlet | Identified the +3 leather armour of the Orb {rElec Str+4
                  | Dex+4} (You found it in a Gauntlet)
 26802 | Gauntlet | Got a shimmering helmet
 26813 | Gauntlet | Identified the +0 helmet "Sosu" {-Tele +Inv rF+ Regen+}
                  | (You found it in a Gauntlet)
 26824 | Gauntlet | Got a wavering steel ring
 26837 | Gauntlet | Got a crystal lajatang
 27014 | Gauntlet | Noticed a minotaur
 27033 | Gauntlet | Killed a minotaur
 27830 | Lair:5   | Identified the ring of Lucidity {Int+2 Dex+4} (You found it
                  | in a Gauntlet)
 28500 | Lair:6   | Entered Level 6 of the Lair of Beasts
 28865 | Lair:4   | Got a slimy leather armour
 28876 | Lair:4   | Identified the +3 leather armour of Depression {rPois rF+
                  | Str+2} (You found it on level 4 of the Lair of Beasts)
 29298 | Lair:6   | Found a viscous altar of Jiyva.
 29299 | Lair:6   | Found a staircase to the Slime Pits.
 29954 | Lair:6   | Reached skill level 10 in Fighting
 30156 | Lair:6   | Reached XP level 14. HP: 88/110 MP: 22/22
 30498 | Lair:6   | Got a crystal demon trident
 30499 | Lair:6   | Identified the +3 demon trident "Hyohouz" {elec, rElec}
                  | (You found it on level 6 of the Lair of Beasts)
 30862 | Lair:6   | Found a runed translucent gate.
 30863 | Lair:6   | Found a runed translucent gate.
 30864 | Lair:6   | Found a runed translucent gate.
 30870 | Lair:6   | Noticed Jipob's ghost (adept MiBe)
 30875 | Lair:6   | Found a viscous altar of Jiyva.
 31063 | Lair:6   | Found a runed translucent door.
 32539 | Orc:1    | Entered Level 1 of the Orcish Mines
 32704 | Orc:1    | Found a roughly hewn altar of Beogh.
 32712 | Orc:1    | Noticed Snorg
 32719 | Orc:1    | Killed Snorg
 33148 | Orc:2    | Entered Level 2 of the Orcish Mines
 33687 | Orc:2    | Reached skill level 10 in Dodging
 34246 | Orc:2    | Found a roughly hewn altar of Beogh.
 34422 | Orc:2    | Found Emeaziq's Antique Weapon Boutique.
 34445 | Orc:2    | Found Kaupni's Magic Scroll Shop.
 34458 | Orc:2    | Bought a scroll of fog for 30 gold pieces
 34458 | Orc:2    | Bought a scroll of identify for 30 gold pieces
 34458 | Orc:2    | Bought a scroll of fear for 52 gold pieces
 34458 | Orc:2    | Bought a scroll of enchant weapon for 112 gold pieces
 34761 | Orc:2    | Noticed Saint Roka
 34800 | Orc:2    | Killed Saint Roka
 35180 | Orc:2    | Found a roughly hewn altar of Beogh.
 35479 | Orc:2    | Found Bosk's Book Shop.
 35664 | Orc:2    | Found Imediona's Gadget Emporium.
 35803 | Orc:2    | Found a staircase to the Elven Halls.
 36021 | D:12     | Found a viscous altar of Jiyva.
 36062 | D:12     | Reached XP level 15. HP: 113/117 MP: 24/24
 36568 | D:12     | Identified the +8 short sword of Valiance {flame, Dex+4}
 36992 | D:13     | Reached skill level 10 in Armour
 37002 | D:13     | Reached ***** piety under Qazlal
 37893 | D:14     | Found a gate to the Vaults.
 38472 | D:14     | Paralysed by a wizard for 7 turns
 39268 | D:15     | Entered Level 15 of the Dungeon
 39615 | D:15     | Found a staircase to the Depths.
 39751 | D:15     | Found a stormy altar of Qazlal.
 40366 | Swamp:1  | Entered Level 1 of the Swamp
 41503 | Swamp:1  | Reached XP level 16. HP: 127/127 MP: 25/25
 43959 | Swamp:3  | Reached skill level 10 in Shields
 44581 | Swamp:4  | Entered Level 4 of the Swamp
 47368 | Swamp:4  | Got a decaying rune of Zot
 47411 | Swamp:4  | HP: 6/130 [five-headed hydra[a spriggan druid] (3)]
 47417 | Swamp:4  | Slain by a hornet

Skill      XL: |  1  2  3  4  5  6  7  8  9 10 11 12 13 14 15 16 |
---------------+-------------------------------------------------+-----
Polearms       | 3 4 5 7 8 9 10 11 12 13 14 | 14.0
Throwing       | 2 3 |  3.0
Dodging        | 3 4 5 6 7 8 9 10 11 | 11.6
Armour         | 1 2 3 4 5 6 7 8 9 10 11 | 11.3
Fighting       | 3 4 5 6 7 8 9 10 11 13 | 13.0
Invocations    | 1 4 6 7 9 10 12 13 14 | 14.1
Shields        | 2 4 5 6 7 8 9 10 | 10.3

Action                   |  1- 3 |  4- 6 |  7- 9 | 10-12 | 13-15 | 16-18 || total
-------------------------+-------+-------+-------+-------+-------+-------++-------
Melee: Trident           |    94 |   310 |   840 |  1146 |   728 |       ||  3118
       Demon trident     |       |       |       |       |  1335 |   567 ||  1902
 Fire: Hunting sling     |       |       |       |    64 |       |       ||    64
Throw: Throwing net      |       |     4 |     8 |     3 |       |       ||    15
Invok: Upheaval          |       |       |       |    27 |    27 |    10 ||    64
       Elemental Force   |       |       |       |       |     7 |     8 ||    15
 Abil: Evoke Berserk Rag |       |       |     1 |       |       |       ||     1
       Evoke Invisibilit |       |       |       |       |     1 |       ||     1
Evoke: Wand              |       |       |       |     9 |    11 |     4 ||    24
       Lamp of fire      |       |       |       |       |       |     1 ||     1
  Use: Scroll            |       |     3 |     2 |    23 |    13 |    16 ||    57
       Potion            |       |       |     9 |     4 |     3 |     1 ||    17
 Stab: Sleeping          |     4 |       |       |       |       |       ||     4
       Distracted        |     1 |       |       |       |       |     1 ||     2
       Held in net/web   |       |       |       |     3 |       |       ||     3
       Invisible         |       |       |       |       |     2 |       ||     2
  Eat: Chunk             |     1 |    11 |    20 |    15 |    39 |     6 ||    92
       Ration            |       |     1 |     2 |     7 |     6 |     4 ||    20
Armor: Leather armour    |    22 |       |       |       |   221 |    78 ||   321
       Ring mail         |     5 |    11 |       |       |       |       ||    16
       Scale mail        |       |   154 |   487 |   312 |    57 |       ||  1010
       Skin              |       |       |     5 |       |       |       ||     5
Dodge: Dodged            |    53 |   182 |   627 |   374 |   674 |   257 ||  2167
       Deflected         |       |       |       |       |     3 |     4 ||     7
Block: Shield            |       |       |   171 |   646 |   214 |       ||  1031
       Large shield      |       |       |       |       |  1333 |   487 ||  1820
       Reflection        |       |       |       |       |    48 |    14 ||    62
